 Dungeon Crawl Stone Soup version 0.26.0-90-g5fd8617961 (webtiles) character file.

Game seed: 6595520320448395627

18629 DearestLeader the Severer (level 12, -6/106 HPs)
             Began as a Minotaur Fighter on Feb 2, 2021.
             Was a High Priest of Okawaru.
             Mangled by a boulder beetle (34 damage)
             ... on level 11 of the Dungeon.
             The game lasted 00:31:42 (14366 turns).

DearestLeader the Severer (Minotaur Fighter)       Turns: 14366, Time: 00:31:42

Health: -6/106     AC: 21    Str: 31    XL:     12   Next: 29%
Magic:  17/17      EV:  9    Int:  5    God:    Okawaru [*****.]
Gold:   568        SH:  5    Dex: 11    Spells: 11/11 levels left

rFire    . . .     SeeInvis .   N - +4 battleaxe (flame)
rCold    + . .     Faith    .   (shield currently unavailable)
rNeg     . . .     Spirit   .   U - +0 plate armour
rPois    .         Reflect  +   (helmet restricted)
rElec    .         Harm     .   W - +1 cloak {rCorr}
rCorr    +         Rampage  .   K - +1 pair of gloves
Will     .....                  C - +0 pair of boots
Stlth    ..........             y - amulet of reflection
HPRegen  0.27/turn              j - ring of protection from cold
MPRegen  0.15/turn              J - +6 ring of strength

@: no status effects
A: retaliatory headbutt, horns 2
a: Renounce Religion, Heroism, Finesse


You were on level 11 of the Dungeon.
You worshipped Okawaru.
Okawaru was extremely pleased with you.
You visited 1 branch of the dungeon, and saw 11 of its levels.
You also visited: Sewer and Gauntlet.

You collected 733 gold pieces.
You spent 165 gold pieces at shops.

Inventory:

Hand Weapons
 t - a +1 morningstar of draining
 u - a +0 longbow
 N - a +4 battleaxe of flaming (weapon)
 T - the +8 broad axe of Byniwo {vamp, +Rage Str+4 Int-5}
   (Okawaru gifted it to you on level 10 of the Dungeon)

   It inflicts no extra harm, but heals its wielder when it wounds a living foe.
   It affects your strength (+4).
   It affects your intelligence (-5).
   It lets you go berserk.
Missiles
 S - 84 arrows
Armour
 c - a +0 kite shield
 q - a scarf of resistance
 z - a +0 cloak
 C - a +0 pair of boots (worn)
 K - a +1 pair of gloves (worn)
 U - a +0 plate armour (worn)
 W - a +1 cloak of preservation (worn)
Jewellery
 j - a ring of protection from cold (left hand)
 x - an uncursed ring of protection from cold
 y - an amulet of reflection (around neck)
 G - an uncursed ring of fire
 J - a +6 ring of strength (right hand)
 L - an uncursed amulet of magic regeneration
 P - an uncursed amulet of the acrobat {unknown}
 Q - a +4 ring of protection
 V - an uncursed amulet of regeneration {unknown}
Wands
 i - a wand of flame (56)
 n - a wand of acid (11)
 r - a wand of disintegration (21)
 s - a wand of digging (8)
 E - a wand of polymorph (16)
 F - a wand of iceblast (21)
Scrolls
 b - a scroll of holy word
 e - a scroll of identify
 f - 3 scrolls of fog
 h - 2 scrolls of random uselessness
 k - 10 scrolls of teleportation
 l - 3 scrolls of remove curse
 m - a scroll of enchant weapon
 v - 5 scrolls of blinking
 B - 3 scrolls of magic mapping
 D - 2 scrolls of enchant armour
 H - 2 scrolls of amnesia
 I - a scroll of acquirement {unknown}
Potions
 a - a potion of lignification {unknown}
 d - 2 potions of haste
 g - a potion of resistance
 o - 2 potions of invisibility
 p - 3 potions of brilliance
 w - 2 potions of might
 A - a potion of flight
 M - 2 potions of cancellation {unknown}
 O - 3 potions of curing {unknown}
Miscellaneous
 R - a lightning rod (4/4)


   Skills:
 + Level 9.9 Fighting
 * Level 16.2 Axes
 + Level 10.7 Armour
 - Level 2.1 Dodging
 - Level 4.0 Shields
 + Level 8.8 Invocations


You had 11 spell levels left.
You didn't know any spells.
Your spell library contained the following spells:

 Spells                   Type           Power        Failure   Level
 Summon Small Mammal      Summ           0%           98%         1
 Call Imp                 Summ           0%           99%         2
 Corpse Rot               Necr/Air       N/A          99%         2
 Call Canine Familiar     Summ           0%           100%        3
 Ignite Poison            Fire/Tmut/Pois 0%           100%        3
 Summon Guardian Golem    Hex/Summ       0%           100%        3
 Summon Ice Beast         Ice/Summ       0%           100%        4
 Summon Lightning Spire   Summ/Air       0%           100%        4
 Bolt of Magma            Conj/Fire/Erth 0%           100%        5
 Iskenderun's Battlesphe  Conj           0%           100%        5
 Conjure Ball Lightning   Conj/Air       0%           100%        6
 Iron Shot                Conj/Erth      0%           100%        6
 Malign Gateway           Summ/Tloc      0%           100%        7
 Monstrous Menagerie      Summ           0%           100%        7
 Orb of Destruction       Conj           0%           100%        7
 Spellforged Servitor     Conj/Summ      0%           100%        7
 Summon Greater Demon     Summ           0%           100%        7
 Summon Horrible Things   Summ           0%           100%        8
 Tornado                  Air            0%           100%        9


Dungeon Overview and Level Annotations

Branches:
Dungeon (11/15)            Temple (0/1) D:5            Lair (0/6) D:11
    Orc (0/2) D:10          Sewer (visited)         Gauntlet (visited)

Altars:
Ashenzari
Fedhas
Gozag
Kikubaaqudgha
Okawaru
Sif Muna
Trog
Vehumet
The Shining One

Shops:
D:10 **


Innate Abilities, Weirdness & Mutations

You reflexively headbutt those who attack you in melee.
You have a pair of horns on your head.


Message History

The boulder beetle stops rolling and uncurls.
You slice the boulder beetle!! You burn the boulder beetle.
The boulder beetle is moderately wounded.
The boulder beetle bites you!!
* * * LOW HITPOINT WARNING * * *
You slash the boulder beetle! You burn the boulder beetle.
The boulder beetle is severely wounded.
The boulder beetle barely misses you. You furiously retaliate!
You headbutt the boulder beetle, but do no damage.
You hit the boulder beetle. You burn the boulder beetle.
You headbutt the boulder beetle, but do no damage.
The boulder beetle is severely wounded.
The boulder beetle leaps!
The boulder beetle curls into a ball and begins rolling!
Things that are here:
a +0 giant spiked club; an ogre corpse
Items here: )) [[ †.
Okay, then.
The boulder beetle hits you!!
You die...

###....♣
*♣°*♣♣.♣ *,,**
###.#♣.♣♣
♣°♣...♣ *,***
....#♣..♣♣♣
♣.°...♣♣ *,* *
..#.#♣♣...♣♣♣♣
*♣B....♣*
*,*** #.#.#
♣♣.♣.♣.♣♣
♣○♣♣...♣ *,,,,
..#.#
♣♣♣♣†..♣♣♣
♣○♣***.♣ *,***
###.#
♣♣♣.♣.♣♣♣♣°♣
*,* *,***
....#
*♣..♣.♣♣°♣♣
**,* *,,,,
###.#
♣..♣♣@B○♣♣
*,** *,,,, #.#
*♣.♣♣♣♣♣♣♣
**,* *,,,,
###.# *♣..*
*,** *,,,,
....# ♣.♣♣*
**,* *,,,,
....# ♣.* *,**
**,*** ....#
*♣,* *****,*
*,,* ....#
*,** *,**,**
*,** ....# *,*
***,,,** **,*
....# **,*
**,,,*** *,,*


You could see a boulder beetle.

Vanquished Creatures
  A minotaur (Gauntlet)
  A centaur warrior (D:8)
  A hydra (D:9)
  A death knight (D:9)
  3 two-headed ogres
  A death scarab (Gauntlet)
  Sonja (D:10)
  A sixfirhy (Gauntlet)
  A spectral hydra (Gauntlet)
  A deep elf mage (D:10)
  A harpy (shapeshifter) (D:9)
  2 ugly things
  2 large abominations (Gauntlet)
  Joseph (D:9)
  A freezing wraith (D:9)
  2 polar bears (D:10)
  3 trolls
  Prince Ribbit (D:7)
  Sigmund (D:2)
  2 spriggans (D:11)
  A shadow (D:9)
  5 yaks
  A wyvern (D:9)
  3 humans (D:7)
  Eustachio (D:5)
  A water moccasin (D:9)
  An ice beast (D:9)
  An orc warrior (D:7)
  An eye of draining (D:9)
  3 necrophages (D:9)
  3 phantoms
  5 ogres
  6 centaurs
  8 big kobolds (Sewer)
  6 bullfrogs
  5 small abominations (Gauntlet)
  A wyvern skeleton (D:8)
  A gnoll sergeant (D:5)
  A scorpion (D:9)
  A water moccasin skeleton (D:9)
  A killer bee (D:11)
  12 wights
  2 electric eels
  5 howler monkeys
  A quasit (D:10)
  A bullfrog zombie (D:9)
  A jelly (D:9)
  5 orc priests
  A centaur skeleton (D:9)
  A bullfrog skeleton (D:8)
  4 hounds
  Jessica (D:2)
  4 iguanas
  Ijyb (D:5)
  7 orc wizards
  9 worker ants
  2 hound skeletons
  2 mummies (D:9)
  2 worker ant zombies
  13 gnolls
  A howler monkey skeleton (D:8)
  19 adders
  3 river rats
  2 shadow imps
  5 white imps
  5 ufetubi
  5 oozes
  An adder skeleton (D:6)
  11 worms
  A dart slug (D:4)
  5 leopard geckos
  24 orcs
  3 ball pythons
  6 giant cockroaches
  8 goblins
  12 hobgoblins
  5 jackals
  8 kobolds
  3 quokkas
  9 bats
  7 frilled lizards
  2 goblin zombies (D:7)
  A jackal skeleton (D:4)
  A kobold skeleton (D:7)
  2 orc skeletons (D:7)
  A quokka skeleton (D:7)
  2 quokka zombies
  15 rats
  A rat zombie (D:5)
326 creatures vanquished.

Vanquished Creatures (others)
  4 demonic plants (Gauntlet)
4 creatures vanquished.

Grand Total: 330 creatures vanquished

Notes
Turn   | Place    | Note
-------+----------+-------------------------------------------
     0 | D:1      | DearestLeader the Minotaur Fighter began the quest for the
                  | Orb.
     0 | D:1      | Reached XP level 1. HP: 19/19 MP: 0/0
    81 | D:1      | Reached skill level 3 in Axes
    81 | D:1      | Reached XP level 2. HP: 26/26 MP: 1/1
   348 | D:1      | Reached XP level 3. HP: 33/33 MP: 2/2
   626 | D:2      | Reached skill level 4 in Axes
   642 | D:2      | Noticed Sigmund
   665 | D:1      | Reached skill level 1 in Dodging
   732 | D:2      | Reached XP level 4. HP: 39/40 MP: 3/3
   833 | D:2      | Noticed Jessica
   837 | D:2      | Killed Jessica
  1038 | D:3      | Reached skill level 5 in Axes
  1038 | D:3      | Reached XP level 5. HP: 42/46 MP: 4/4
  1546 | D:3      | Found an iron altar of Okawaru.
  1559 | D:3      | Became a worshipper of Warmaster Okawaru
  1713 | D:4      | Reached skill level 6 in Axes
  1805 | D:4      | Noticed an ogre
  1820 | D:4      | Killed an ogre
  1821 | D:4      | Reached XP level 6. HP: 9/52 MP: 5/5
  2025 | D:4      | Reached skill level 7 in Axes
  2949 | D:4      | Reached skill level 8 in Axes
  3123 | D:2      | Found a broken altar of Ashenzari.
  3123 | D:2      | Found an iron altar of Okawaru.
  3123 | D:2      | Found a blossoming altar of Fedhas.
  3123 | D:2      | Found a radiant altar of Vehumet.
  3138 | D:2      | Killed Sigmund
  3139 | D:2      | Reached skill level 9 in Axes
  3139 | D:2      | Reached XP level 7. HP: 36/59 MP: 6/6
  3578 | D:5      | Entered Level 5 of the Dungeon
  3591 | D:5      | Reached skill level 1 in Invocations
  3662 | D:5      | Noticed Eustachio
  3672 | D:5      | Killed Eustachio
  3672 | D:5      | Reached * piety under Okawaru
  3674 | D:5      | Reached skill level 10 in Axes
  3741 | D:5      | Reached XP level 8. HP: 59/66 MP: 8/8
  4024 | D:5      | Found a staircase to the Ecumenical Temple.
  4044 | D:5      | Noticed Ijyb
  4050 | D:5      | Killed Ijyb
  4196 | D:5      | Found a glowing drain.
  4204 | Sewer    | Entered a sewer
  4473 | Sewer    | Reached skill level 11 in Axes
  4473 | Sewer    | Reached skill level 5 in Armour
  4832 | Sewer    | Reached ** piety under Okawaru
  4977 | Sewer    | Reached XP level 9. HP: 67/71 MP: 11/11
  5386 | D:5      | Found an ancient bone altar of Kikubaaqudgha.
  5747 | D:6      | Found a shimmering blue altar of Sif Muna.
  6525 | D:7      | Reached skill level 12 in Axes
  6543 | D:7      | Noticed Prince Ribbit
  6594 | D:7      | Killed Prince Ribbit
  6728 | D:7      | Reached skill level 5 in Invocations
  6828 | D:7      | Reached skill level 5 in Fighting
  6836 | D:7      | Reached *** piety under Okawaru
  7366 | D:7      | Found a glowing golden altar of the Shining One.
  7555 | D:8      | Noticed a two-headed ogre
  7567 | D:7      | Killed a two-headed ogre
  7567 | D:7      | Reached **** piety under Okawaru
  7568 | D:7      | Reached skill level 13 in Axes
  7568 | D:7      | Reached XP level 10. HP: 29/83 MP: 13/13
  7995 | D:8      | Found an opulent altar of Gozag.
  8862 | D:8      | Noticed a centaur warrior
  8869 | D:8      | Killed a centaur warrior
  9371 | D:9      | Reached ***** piety under Okawaru
  9390 | D:9      | Reached skill level 14 in Axes
  9722 | D:9      | Noticed a purple ugly thing
  9730 | D:9      | Killed a purple ugly thing
  9847 | D:9      | Noticed a two-headed ogre
  9884 | D:9      | Reached XP level 11. HP: 29/94 MP: 15/15
 10166 | D:9      | Noticed Joseph
 10172 | D:9      | Killed Joseph
 10172 | D:9      | Received a gift from Okawaru
 10214 | D:9      | Noticed a death knight
 10227 | D:9      | Killed a death knight
 10369 | D:9      | Killed a two-headed ogre
 10437 | D:9      | Identified Qior's Grimoire of Flight and Fire
 10594 | D:9      | Noticed a harpy
 10595 | D:9      | Noticed a five-headed hydra
 10607 | D:9      | Killed a harpy
 10641 | D:9      | Killed a one-headed hydra
 10642 | D:9      | Reached skill level 15 in Axes
 10912 | D:10     | Entered Level 10 of the Dungeon
 10913 | D:10     | Found a bloodstained altar of Trog.
 10922 | D:10     | Received a gift from Okawaru
 10938 | D:10     | Got a masterwork broad axe {god gift}
 10939 | D:10     | Lost intelligence.
 10939 | D:10     | Identified the +8 broad axe of Byniwo {vamp, +Rage Str+4
                  | Int-5} (Okawaru gifted it to you on level 10 of the
                  | Dungeon)
 11160 | D:10     | Found a staircase to the Orcish Mines.
 11323 | D:10     | Noticed Sonja
 11351 | D:10     | HP: 2/95 [Sonja/+2 dagger of distortion (5)]
 11357 | D:10     | Noticed a deep elf mage
 11836 | D:10     | Found Lizxevo's General Store.
 11844 | D:10     | Bought 2 scrolls of blinking for 165 gold pieces
 11912 | D:10     | Killed a deep elf mage
 11935 | D:10     | Killed Sonja
 11936 | D:10     | Reached skill level 10 in Armour
 12220 | D:10     | Found Azybeiru's Changing Room.
 12334 | D:10     | Noticed a two-headed ogre
 12400 | D:10     | Killed a two-headed ogre
 12532 | D:11     | Found a gate leading to a gauntlet.
 12543 | Gauntlet | Entered a Gauntlet
 12543 | Gauntlet | Found a transporter.
 12543 | Gauntlet | Noticed a large abomination
 12807 | Gauntlet | Found a transporter.
 12810 | Gauntlet | Found a transporter.
 12811 | Gauntlet | Found a transporter.
 12813 | Gauntlet | Noticed a sixfirhy
 12819 | Gauntlet | Found a transporter.
 12822 | Gauntlet | Found a transporter.
 12823 | Gauntlet | Found a transporter.
 12830 | Gauntlet | Found a runed translucent gate.
 12830 | Gauntlet | Found a runed translucent gate.
 12831 | Gauntlet | Noticed a death scarab
 12832 | Gauntlet | Found a transporter.
 12835 | Gauntlet | Found a transporter.
 12836 | Gauntlet | Found a transporter.
 12844 | Gauntlet | Found a runed translucent gate.
 12848 | Gauntlet | Found a transporter.
 12849 | Gauntlet | Found a transporter.
 12850 | Gauntlet | Found a transporter.
 12851 | Gauntlet | Noticed a green death
 12857 | Gauntlet | Noticed an orb spider
 12858 | Gauntlet | Noticed an orb spider
 12859 | Gauntlet | an orb spider changed into a cane toad
 12860 | Gauntlet | Found a transporter.
 12862 | Gauntlet | an orb spider changed into a soldier ant
 12940 | Gauntlet | Noticed a harpy
 12942 | Gauntlet | Noticed a shining eye
 12942 | Gauntlet | a dream sheep changed into a shining eye
 12944 | Gauntlet | a harpy changed into a yaktaur
 12945 | Gauntlet | Noticed a wolf spider
 12945 | Gauntlet | a shining eye changed into a wolf spider
 13005 | Gauntlet | Killed a large abomination
 13019 | Gauntlet | Reached XP level 12. HP: 40/105 MP: 17/17
 13509 | Gauntlet | Killed a death scarab
 13840 | Gauntlet | Noticed a minotaur
 13862 | Gauntlet | Killed a minotaur
 13863 | Gauntlet | Reached skill level 16 in Axes
 14342 | D:11     | Noticed a boulder beetle
 14366 | D:11     | Mangled by a boulder beetle

Illustrated notes

Levels and vault maps discovered:
D:1:      dpeg_arrival_brainrot, layout_rooms
D:2:      layout_basic, chequers_temple_overflow_statue_of_worship,
          grunt_decor_mini_mirrors, minmay_tetromino_t2, uniq_sigmund,
          uniq_jessica
D:3:      layout_basic, okawaru_altar_gauntlet_db, uniq_crazy_yiuf_cottage
D:4:      minmay_razor_zed, layout_basic
D:5:      layout_loops_ring, lemuel_zombie_altar_kikubaaqudgha,
          minmay_temple_entry_nine_rooms, lightli_sewer_entry_pipes, uniq_ijyb,
          uniq_eustachio
D:6:      layout_loops_ring, lemuel_crystal_altar, minivault_5, minivault_11
D:7:      layout_rooms, nicolae_tso_besieged_by_evil, minmay_ruffians,
          uniq_prince_ribbit1
D:8:      layout_gridville, nicolae_gozag_cash_rules_everything_around_me,
          serial_glass, glass_columns_a, glass_columns_c,
          minmay_strange_pillars, item_on_display_a, due_unseen_surprise,
          minmay_strange_pillars, kennysheep_generic_room_16
D:9:      minmay_the_grid_four_pointed_star [minmay_the_grid_triangle_9x9_steps,
          minmay_the_grid_triangle_9x9_flanged_cone,
          minmay_the_grid_triangle_9x9_intruding_spiral,
          minmay_the_grid_triangle_9x9_impossible_snake,
          minmay_the_grid_prize_four_corners_diamond_b], layout_rooms,
          serial_undead, serial_undead_d, serial_undead_f, serial_undead_c,
          serial_undead_d, serial_undead_d, grunt_tough_drop, uniq_joseph
D:10:     layout_gridville, orc_0_dummy, serial_shops, shop,
          nicolae_transmutations_shop, trog_ov_bears_minmay, uniq_sonja
D:11:     kb_forest_paths, layout_basic, lair_entry_dummy, basic_altar,
          gauntlet_entry_generic, uniq_urug

Skill      XL: |  1  2  3  4  5  6  7  8  9 10 11 12 |
---------------+-------------------------------------+-----
Axes           | 3 4 5 6 9 10 11 13 14 15 16 | 16.2
Armour         | 4 5 7 8 10 | 10.7
Shields        | 4 |  4.0
Dodging        | 1 2 |  2.1
Fighting       | 4 6 7 9 |  9.9
Invocations    | 2 4 5 7 8 |  8.8

Action                   |  1- 3 |  4- 6 |  7- 9 | 10-12 || total
-------------------------+-------+-------+-------+-------++-------
Melee: War axe           |    67 |   124 |       |       ||   191
       Headbutt          |    13 |    25 |    49 |    78 ||   165
       Morningstar       |       |    24 |   445 |   199 ||   668
       Battleaxe         |       |       |       |   177 ||   177
Invok: Finesse           |       |       |       |     2 ||     2
       Heroism           |       |       |       |     1 ||     1
  Use: Potion            |       |     1 |       |     9 ||    10
       Scroll            |       |     5 |    11 |     7 ||    23
Armor: Chain mail        |    35 |    84 |   179 |   111 ||   409
       Plate armour      |       |       |       |    84 ||    84
Dodge: Dodged            |    17 |    37 |    86 |   130 ||   270
Block: Kite shield       |    37 |    74 |   311 |   150 ||   572
       Reflection        |       |       |     5 |    11 ||    16
       Other             |       |       |       |    40 ||    40
